 Dungeon Crawl Stone Soup version 0.25.1-2-g60ff931df9 (webtiles) character file.

Game seed: 6529278287036100643

483 gruber the Insei (level 7, -2/43 HPs)
             Began as an Octopode Transmuter on Oct 12, 2020.
             Was a Follower of Vehumet.
             Slain by a centaur (8 damage)
             ... on level 5 of the Dungeon.
             The game lasted 00:06:01 (2879 turns).

gruber the Insei (Octopode Transmuter)              Turns: 2879, Time: 00:06:02

Health: -2/43      AC:  2    Str:  5    XL:     7   Next: 12%
Magic:  10/13      EV: 20    Int: 17    God:    Vehumet [*.....]
Gold:   277        SH:  0    Dex: 18    Spells: 8/14 levels left

rFire    . . .     SeeInvis .     - Unarmed
rCold    . . .     Gourm    .   (shield currently unavailable)
rNeg     + . .     Faith    .   (helmet currently unavailable)
rPois    x         Spirit   .   d - amulet of regeneration
rElec    .         Reflect  .   h - ring of positive energy
rCorr    .         Harm     .   p - -4 ring of strength (curse)
MR       .....                  (no ring)
Stlth    ++........             (no ring)
HPRegen  0.54/turn              (no ring)
MPRegen  0.13/turn              (no ring)
                                (no ring)
                                (no ring)

@: spider-form
A: tiny, almost no armour, stealthy swim, (amphibious), 8 rings, (constrict 8)
a: End Transformation, Renounce Religion


You were on level 5 of the Dungeon.
You worshipped Vehumet.
Vehumet was aware of your devotion.
You were very hungry.
You were a venomous arachnid creature.
You visited 1 branch of the dungeon, and saw 5 of its levels.

You collected 277 gold pieces.

Inventory:

Missiles
 a - 12 arrows
Jewellery
 d - an amulet of regeneration (around neck)
 h - a ring of positive energy (left front leg)
 p - a cursed -4 ring of strength (right front leg)
Scrolls
 b - 2 scrolls of teleportation {unknown}
 g - 3 scrolls of identify {unknown}
 j - a scroll of fog {unknown}
 k - a scroll of remove curse {unknown}
 m - 2 scrolls of random uselessness {unknown}
 q - 2 scrolls of enchant weapon {unknown}
 r - a scroll of amnesia {unknown}
 w - a scroll of fear {unknown}
Potions
 e - a potion of stabbing {unknown}
 f - a potion of magic {unknown}
 i - 2 potions of heal wounds {unknown}
 l - a potion of mutation {unknown}
 n - 4 potions of lignification {unknown}
 o - a potion of cancellation {unknown}
 s - 2 potions of berserk rage {unknown}
 t - a potion of haste {unknown}
 u - a potion of degeneration {unknown}
 v - a potion of flight {unknown}
Comestibles
 c - 8 rations


   Skills:
 - Level 1.1 Fighting
 - Level 2.0 Dodging
 - Level 5.0 Unarmed Combat
 * Level 4.0 Spellcasting
 - Level 3.0 Transmutations
 - Level 4.2 Poison Magic


You had 8 spell levels left.
You knew the following spells:

 Your Spells              Type           Power        Failure   Level  Hunger
a - Beastly Appendage     Tmut           ##....       13%         1    None
b - Sticks to Snakes      Tmut           ##......     19%         2    ##.....
c - Spider Form           Tmut/Pois      ###.......   26%         3    ###....

Your spell library contained the following spells:

 Spells                   Type           Power        Failure   Level  Hunger
 Foxfire                  Conj/Fire      #...         34%         1    None
 Ice Form                 Ice/Tmut       #.......     82%         4    ####...
 Blade Hands              Tmut           ##........   90%         5    ######.


Dungeon Overview and Level Annotations

Branches:
Dungeon (5/15)
 Temple: D:4-7

Altars:
Dithmenos
Elyvilon
Gozag
Kikubaaqudgha
Qazlal
Sif Muna
Trog
Uskayaw
Vehumet
Wu Jian


Innate Abilities, Weirdness & Mutations

You cannot wear most types of armour.
You are very stealthy in the water. (Stealth+)
((You are amphibious.))
You can wear up to eight rings at the same time.
((You can use your tentacles to constrict eight enemies at once.))
((Your skin changes colour to match your surroundings (Stealth+).))
((Your rubbery body absorbs attacks. (AC +1, EV +1)))


Message History

Unknown command.
You are too injured to fight recklessly!
You are too injured to fight recklessly!
The centaur shoots an arrow.
The arrow hits you!
* * * LOW HITPOINT WARNING * * *
The centaur shoots an arrow.
The arrow misses you.
You see here an arrow.
The centaur shoots an arrow.
The arrow hits you.
* * * LOW HITPOINT WARNING * * *
You see here an arrow.
You completely miss the centaur.
The centaur unwields a +0 shortbow.
The centaur closely misses you. The centaur hits you.
* * * LOW HITPOINT WARNING * * *
You hit the centaur.
The centaur is poisoned.
The centaur is lightly wounded.
The centaur barely misses you.
You hit the centaur.
The centaur looks as sick as possible!
The centaur is moderately wounded.
The centaur hits you!
You die...

##############
#............#
#.##########.#
#.# #.# #.#
#.# ##.#
#(##########
...#
#(((sc......
#.##
##..........
#.#
#.#########
#.# #.# #.#
#.# #.# ..#
#.# #.. #.#
#.# #.#


You could see a centaur (extremely poisoned).

Vanquished Creatures
  A sky beast (D:5)
  An ogre (D:4)
  A crimson imp (D:4)
  An orc priest (D:4)
  3 orc wizards
  A worker ant (D:4)
  A hound skeleton (D:5)
  Robin (D:3)
  2 adders (D:2)
  An adder skeleton (D:4)
  2 worms
  3 leopard geckos
  4 orcs
  13 bats
  3 giant cockroaches
  18 goblins
  8 hobgoblins
  3 jackals (D:1)
  11 kobolds
  2 quokkas (D:2)
  2 ball pythons
  5 frilled lizards
  7 rats
94 creatures vanquished.

Notes
Turn   | Place    | Note
-------+----------+-------------------------------------------
     0 | D:1      | gruber the Octopode Transmuter began the quest for the Orb.
     0 | D:1      | Reached XP level 1. HP: 13/13 MP: 3/3
    62 | D:1      | Reached XP level 2. HP: 10/18 MP: 5/5
   382 | D:1      | Reached skill level 4 in Unarmed Combat
   448 | D:1      | Reached XP level 3. HP: 23/23 MP: 6/6
   452 | D:1      | Learned a level 2 spell: Sticks to Snakes
   861 | D:2      | Found a white marble altar of Elyvilon.
   899 | D:2      | Found a shimmering blue altar of Sif Muna.
   902 | D:2      | Found a radiant altar of Vehumet.
   905 | D:2      | Found an opulent altar of Gozag.
   908 | D:2      | Found a bloodstained altar of Trog.
   914 | D:2      | Became a worshipper of Vehumet
  1090 | D:2      | Reached XP level 4. HP: 28/28 MP: 7/7
  1269 | D:2      | Reached skill level 5 in Unarmed Combat
  1308 | D:2      | Found an ancient bone altar of Kikubaaqudgha.
  1318 | D:2      | Found a stormy altar of Qazlal.
  1319 | D:2      | Found a hide-covered altar of Uskayaw.
  1338 | D:2      | Found an ornate altar of the Wu Jian Council.
  1446 | D:3      | Noticed Robin
  1453 | D:2      | Learned a level 3 spell: Spider Form
  1612 | D:3      | Reached skill level 1 in Poison Magic
  1922 | D:3      | Reached * piety under Vehumet
  1922 | D:3      | Offered knowledge of Foxfire by Vehumet.
  1972 | D:3      | Killed Robin
  1972 | D:3      | Reached XP level 5. HP: 26/33 MP: 6/8
  2126 | D:4      | Noticed an ogre
  2134 | D:4      | Killed an ogre
  2176 | D:4      | Reached XP level 6. HP: 37/38 MP: 7/9
  2216 | D:4      | Noticed a phantom
  2523 | D:4      | Found a shadowy altar of Dithmenos.
  2660 | D:5      | Entered Level 5 of the Dungeon
  2676 | D:5      | Noticed a sky beast
  2691 | D:5      | Killed a sky beast
  2767 | D:4      | Reached XP level 7. HP: 18/43 MP: 10/12
  2879 | D:5      | Slain by a centaur

Illustrated notes

Levels and vault maps discovered:
D:1:      shiori_arrival_oz, layout_rooms, chequers_garden
D:2:      minmay_recursive_quarters, layout_rooms, minitemple,
          grunt_temple_overflow_cloverleaf, elyvilon_altar_1
D:3:      layout_rooms, first_ration, uniq_robin
D:4:      layout_rooms, grunt_dithmenos_smoke_and_mirrors
D:5:      layout_loops_ring, minmay_temple_entry_glassed_door

Skill      XL: |  1  2  3  4  5  6  7 |
---------------+----------------------+-----
Unarmed Combat | 4 5 |  5.0
Poison Magic   | 2 4 |  4.2
Transmutations | 3 |  3.0
Spellcasting   | 3 4 |  4.0
Fighting       | |  1.1
Dodging        | |  2.0

Action                   |  1- 3 |  4- 6 |  7- 9 || total
-------------------------+-------+-------+-------++-------
Melee: Unarmed           |    94 |   181 |     8 ||   283
       Constrict         |    23 |    26 |       ||    49
       Tentacles         |    13 |     9 |       ||    22
       Punch             |     1 |     2 |       ||     3
       Kick              |     5 |     4 |       ||     9
 Cast: Beastly Appendage |     4 |     2 |       ||     6
       Spider Form       |       |    11 |     2 ||    13
 Stab: Sleeping          |     6 |     2 |       ||     8
  Eat: Chunk             |       |     7 |       ||     7
Armor: Skin              |    16 |    23 |       ||    39
Dodge: Dodged            |    65 |   143 |     7 ||   215
